 Dungeon Crawl Stone Soup version 0.27-a0-1196-g3e9cee4cb2 (webtiles) character file.

Game seed: 17509771664332977770

31 polve the Cutter (level 3, -1/29 HPs)
             Began as a Demonspawn Fighter on May 28, 2021.
             Frozen to death by an endoplasm (5 damage)
             ... on level 2 of the Dungeon.
             The game lasted 00:01:10 (1190 turns).

polve the Cutter (Demonspawn Fighter)               Turns: 1190, Time: 00:01:11

Health: -1/29      AC:  6    Str: 17    XL:     3   Next: 7%
Magic:  3/3        EV:  8    Int:  9    God:
Gold:   78         SH:  8    Dex: 12    Spells: 2/2 levels left

rFire    . . .     SeeInvis .   a - +0 rapier
rCold    . . .     Faith    .   h - +0 kite shield
rNeg     . . .     Spirit   .   b - +0 scale mail
rPois    .         Reflect  .   (no helmet)
rElec    .         Harm     .   (no cloak)
rCorr    .         Rampage  .   (no gloves)
Will     .....                  (no boots)
Stlth    ..........             (no amulet)
HPRegen  0.09/turn              (no ring)
MPRegen  0.08/turn              (no ring)

@: no status effects
A: claws 1, repulsion field 1
a: no special abilities


You were on level 2 of the Dungeon.
You visited 1 branch of the dungeon, and saw 2 of its levels.

You collected 78 gold pieces.

Inventory:

Hand Weapons
 a - a +0 rapier (weapon)
Armour
 b - a +0 scale mail (worn)
 h - a +0 kite shield (worn)
Scrolls
 c - a scroll of teleportation {unknown}
 f - a scroll of torment {unknown}
 g - a scroll of enchant armour {unknown}
 i - a scroll of brand weapon {unknown}
 j - a scroll of acquirement {unknown}
Potions
 d - a potion of might
 e - a potion of invisibility {unknown}


   Skills:
 - Level 3.0 Fighting
 + Level 3.2 Short Blades
 - Level 2.6 Armour
 - Level 2.6 Shields


You had 2 spell levels left.
You didn't know any spells.
Your spell library was empty.

Dungeon Overview and Level Annotations

Branches:
Dungeon (2/15)

Altars:


Innate Abilities, Weirdness & Mutations

You have sharp fingernails.
You are surrounded by a mild repulsion field. (EV +2)


Message History

You are frozen.
The hobgoblin barely misses you. The endoplasm freezes you.
You are frozen.
You block the hobgoblin's attack. The endoplasm freezes you.
You are frozen.
The hobgoblin hits you but does no damage.
The endoplasm hits you.
The hobgoblin hits you but does no damage.
The endoplasm freezes you.
You are frozen.
The hobgoblin hits you. You block the endoplasm's attack.
The hobgoblin barely misses you.
The endoplasm hits you but does no damage.
You block the hobgoblin's attack. You block the endoplasm's attack.
You block the hobgoblin's attack.
The endoplasm hits you but does no damage.
You block the hobgoblin's attack.
The endoplasm hits you but does no damage.
The hobgoblin hits you but does no damage.
The endoplasm freezes you.
You are frozen.
The hobgoblin barely misses you. The endoplasm barely misses you.
You block the hobgoblin's attack. The endoplasm barely misses you.
The hobgoblin hits you but does no damage.
The endoplasm hits you but does no damage.
You block the hobgoblin's attack. The endoplasm completely misses you.
The hobgoblin barely misses you. The endoplasm freezes you.
You are frozen.
* * * LOW HITPOINT WARNING * * *
The hobgoblin hits you but does no damage.
The endoplasm freezes you.
You are frozen.
* * * LOW HITPOINT WARNING * * *
You block the hobgoblin's attack. The endoplasm freezes you.
You are frozen.
You die...

#........##.#
.........##.#
#.#......##.#
#.#.#...###.##
..#+##### #..##
##...## #.#.##
#.....####.###)##
.......#..# ##.##
.........## ##@#
..........# #gJ#
.........#.# #...#
.......#.# .#....#
#.....##.........#
##...## ###.##.#.#
##'## #......# #.#
# ##.### #.#


You could see an endoplasm and a hobgoblin.

Vanquished Creatures
  6 endoplasms (D:1)
  3 goblins (D:1)
  3 hobgoblins (D:1)
  2 jackals (D:1)
  3 kobolds (D:1)
  2 quokkas
  A ball python (D:1)
  3 bats
  A frilled lizard (D:1)
  2 rats (D:1)
26 creatures vanquished.

Notes
Turn   | Place    | Note
-------+----------+-------------------------------------------
     0 | D:1      | polve the Demonspawn Fighter began the quest for the Orb.
     0 | D:1      | Reached XP level 1. HP: 18/18 MP: 1/1
   111 | D:1      | Found a faded altar of an unknown god.
   206 | D:1      | Gained mutation: You are surrounded by a mild repulsion
                  | field. (EV +2) [demonic ancestry]
   206 | D:1      | Reached XP level 2. HP: 16/24 MP: 2/2
   778 | D:1      | Gained mutation: You have sharp fingernails. [demonic
                  | ancestry]
   778 | D:1      | Reached XP level 3. HP: 29/29 MP: 3/3
  1190 | D:2      | Frozen to death by an endoplasm

Illustrated notes

Levels and vault maps discovered:
D:1:      lemuel_arrival_hallway, layout_loops_ring,
          hellmonk_ecumenical_altar_crossroads
D:2:      layout_loops_corners, basic_altar, skrybe_limestone_x,
          minmay_divided_ellipse

Skill      XL: |  1  2 |
---------------+-------+-----
Short Blades   | 2 3 |  3.2
Fighting       | |  3.0
Armour         | |  2.6
Shields        | |  2.6

Action                   || total
-------------------------++-------
Melee: Rapier            ||    74
Armor: Scale mail        ||    44
Dodge: Dodged            ||    35
Block: Kite shield       ||    43

Table legend: (Time is in decaauts)
 A = Elapsed time spent in this place.
 B = Non-inter-level travel time spent in this place.
 C = Inter-level travel time spent in this place.
 D = Time resting spent in this place.
 E = Time spent auto-exploring this place.
 F = Levels seen in this place.
 G = Mean time per level.
                   A        B        C        D        E       F      G
               +--------+--------+--------+--------+--------+-----+--------+
         Total |   1212 |   1192 |     20 |      0 |    982 |   2 |  606.0 |
       Dungeon |   1212 |   1192 |     20 |      0 |    982 |   2 |  606.0 |
               +--------+--------+--------+--------+--------+-----+--------+

Top non-repeatable levels by time:
     D:1: 1133 daAuts
     D:2: 78 daAuts
